 Dungeon Crawl Stone Soup version 0.31-a0-879-g1609e0ac53 (webtiles) character file.

Game seed: 11262187048724731010

65 randomguy2701 the Ducker (level 4, 0/34 HPs)
             Began as a Gnoll Wanderer on Oct 14, 2023.
             Killed from afar by an orc wizard (11 damage)
             ... with a puff of flame
             ... on level 2 of the Dungeon.
             The game lasted 00:01:39 (1693 turns).

randomguy2701 the Ducker (Gnoll Wanderer)           Turns: 1693, Time: 00:01:39

Health: 0/34       AC:  4    Str:  9    XL:     4   Next: 13%
Magic:  8/8        EV: 13    Int: 13    God:
Gold:   100        SH:  0    Dex: 14    Spells: 7/8 levels left

rFire   . . .        a - +0 dagger
rCold   . . .        (no shield)
rNeg    . . .        c - +0 robe
rPois   +            d - +0 helmet
rElec   .            (no cloak)
rCorr   .            k - +0 pair of gloves
SInv    .            (no boots)
Will    .....        (no amulet)
Stlth   +            i - ring of poison resistance
HPRegen 0.25/turn    (no ring)
MPRegen 0.11/turn

%: no passive effects
@: confused
A: fangs 1, strong nose, distributed training
a: no special abilities


You were on level 2 of the Dungeon.
You visited 1 branch of the dungeon, and saw 2 of its levels.

You collected 100 gold pieces.

Inventory:

Hand Weapons
 a - a +0 dagger (weapon)
Armour
 c - a +0 robe (worn)
 d - a +0 helmet (worn)
 k - a +0 pair of gloves (worn)
Jewellery
 i - a ring of poison resistance (left hand)
Scrolls
 e - a scroll of noise {unknown}
 f - a scroll of immolation {unknown}
 j - a scroll of blinking {unknown}
 l - a scroll of identify {unknown}
Potions
 b - a potion of lignification
 g - a potion of berserk rage {unknown}
 h - a potion of haste {unknown}
 m - a potion of mutation {unknown}
 n - a potion of enlightenment {unknown}


   Skills:
 + Level 2.7 Fighting
 + Level 1.0 Short Blades
 + Level 1.0 Long Blades
 + Level 1.0 Axes
 + Level 1.0 Maces & Flails
 + Level 1.0 Polearms
 + Level 1.0 Staves
 + Level 1.0 Ranged Weapons
 + Level 1.0 Throwing
 + Level 2.7 Armour
 + Level 4.6 Dodging
 + Level 1.0 Stealth
 + Level 1.0 Shields
 + Level 1.0 Unarmed Combat
 + Level 2.9 Spellcasting
 + Level 0.8 Conjurations
 + Level 0.8 Hexes
 + Level 0.8 Summonings
 + Level 0.8 Necromancy
 + Level 0.8 Translocations
 + Level 3.8 Transmutations
 + Level 3.8 Fire Magic
 + Level 0.8 Ice Magic
 + Level 0.8 Air Magic
 + Level 0.8 Earth Magic
 + Level 0.8 Poison Magic
 + Level 1.1 Invocations
 + Level 2.7 Evocations
 + Level 1.0 Shapeshifting


You had 7 spell levels left.
You knew the following spells:

 Your Spells              Type           Power      Damage    Failure   Level
a - Foxfire               Conj/Fire      28%        2x1d5     9%          1

Your spell library contained the following spells:

 Spells                   Type           Power      Damage    Failure   Level
 Wereblood                Tmut           11%        N/A       8%          2
 Passwall                 Tmut/Erth      5%         N/A       14%         2
 Flame Wave               Conj/Fire      7%         2d5       65%         4
 Sticky Flame             Conj/Fire      7%         2d3       65%         4


Dungeon Overview and Level Annotations

Branches:
Dungeon (2/15)

Altars:


Innate Abilities, Weirdness & Mutations

You have very sharp teeth.
Your uncanny sense of smell can sniff out nearby items.
Your experience applies equally to all skills.


Message History

You bump into the rock wall.
The orc wizard gestures at you while chanting.
You are more confused.
You bump into the rock wall.
The orc wizard barely misses you.
You hit the orc wizard.
The orc wizard is moderately wounded.
The orc wizard hits you with a +0 dagger.
You bump into the rock wall.
The orc wizard hits you but does no damage.
You miss the orc wizard.
The orc wizard is moderately wounded.
The orc wizard completely misses you.
You bump into the rock wall.
The orc wizard hits you but does no damage.
The orc wizard attacks as it pursues you!
The orc wizard completely misses you.
You barely miss the orc wizard.
The orc wizard is moderately wounded.
The orc wizard hits you but does no damage.
You bump into the rock wall.
The orc wizard closely misses you.
You hit the orc wizard but do no damage.
The orc wizard is moderately wounded.
The orc wizard gestures at you while chanting.
You are more confused.
You bump into the rock wall.
The orc wizard misses you.
You closely miss the orc wizard.
You bite the orc wizard, but do no damage.
The orc wizard is moderately wounded.
The orc wizard hits you but does no damage.
You miss the orc wizard.
The orc wizard is moderately wounded.
The orc wizard hits you with a +0 dagger.
You miss the orc wizard. Your bite misses the orc wizard.
The orc wizard is moderately wounded.
The orc wizard closely misses you.
You hit the orc wizard.
The orc wizard is heavily wounded.
The orc wizard points at you and mumbles some strange words.
The puff of flame hits you!
You die...

##. ###....## #.# ##.##
# ## ##....#####.##
#..# #
###.........####.## #
######..##.......)###..
.. ##...###.##..##..#
#. ###..##.#...##.## #.
##.##..........
#.########...#.###...##
###...oo@........#
###.##
#.....########.###
#..##
#..##........##...#
#...# .
#........####.####.#.#
. ###†.......#
#..##..#.#
#...#.o........#
##....##.#
...o.o...)......#
##....#.#
###.....$########
#..##.... #..###...
#.###...)


You could see an orc wizard and an orc.

Vanquished Creatures
  2 adders (D:2)
  3 endoplasms
  3 goblins
  6 hobgoblins
  3 jackals (D:1)
  2 quokkas
  5 ball pythons (D:1)
  9 bats
  3 frilled lizards (D:1)
  6 kobolds
42 creatures vanquished.

Vanquished Creatures (others)
  136 foxfires
136 creatures vanquished.

Grand Total: 178 creatures vanquished

Notes
Turn   | Place    | Note
-------+----------+-------------------------------------------
     0 | D:1      | randomguy2701 the Gnoll Wanderer began the quest for the
                  | Orb.
     0 | D:1      | randomguy2701 set off with the following items: a +0
                  | dagger, a potion of lignification, a +0 robe, a +0 helmet;
                  | and the following spell memorised: Foxfire; and the
                  | following spells available to memorise: Wereblood,
                  | Passwall, Flame Wave, Sticky Flame.
     0 | D:1      | Reached XP level 1. HP: 17/17 MP: 4/4
   197 | D:1      | Reached XP level 2. HP: 23/23 MP: 1/5
   717 | D:1      | Reached XP level 3. HP: 27/28 MP: 1/7
  1151 | D:2      | Reached skill level 1 in Invocations
  1313 | D:2      | Reached skill level 1 in Short Blades
  1313 | D:2      | Reached skill level 1 in Long Blades
  1313 | D:2      | Reached skill level 1 in Axes
  1313 | D:2      | Reached skill level 1 in Maces & Flails
  1313 | D:2      | Reached skill level 1 in Polearms
  1313 | D:2      | Reached skill level 1 in Staves
  1313 | D:2      | Reached skill level 1 in Ranged Weapons
  1313 | D:2      | Reached skill level 1 in Throwing
  1313 | D:2      | Reached skill level 1 in Stealth
  1313 | D:2      | Reached skill level 1 in Shields
  1313 | D:2      | Reached skill level 1 in Unarmed Combat
  1380 | D:2      | Reached XP level 4. HP: 30/34 MP: 0/8
  1570 | D:2      | Reached skill level 1 in Shapeshifting
  1693 | D:2      | Killed from afar by an orc wizard

Illustrated notes

Levels and vault maps discovered:
D:1:      eino_arrival_water_star, layout_rooms, kennysheep_flooded_box,
          hex_large, st_stairs_1
D:2:      layout_rooms

Skill      XL: |  1  2  3  4 |
---------------+-------------+-----
Invocations    | 1 |  1.1
Short Blades   | 1 |  1.0
Long Blades    | 1 |  1.0
Axes           | 1 |  1.0
Maces & Flails | 1 |  1.0
Polearms       | 1 |  1.0
Staves         | 1 |  1.0
Ranged Weapons | 1 |  1.0
Throwing       | 1 |  1.0
Stealth        | 1 |  1.0
Shields        | 1 |  1.0
Unarmed Combat | 1 |  1.0
Shapeshifting  | 1 |  1.0
Fighting       | |  2.7
Armour         | |  2.7
Dodging        | |  4.6
Spellcasting   | |  2.9
Conjurations   | |  0.8
Hexes          | |  0.8
Summonings     | |  0.8
Necromancy     | |  0.8
Translocations | |  0.8
Transmutations | |  3.8
Fire Magic     | |  3.8
Ice Magic      | |  0.8
Air Magic      | |  0.8
Earth Magic    | |  0.8
Poison Magic   | |  0.8
Evocations     | |  2.7

Action                     |  1- 3 |  4- 6 || total
---------------------------+-------+-------++-------
  Melee: Dagger            |    47 |    15 ||    62
         Bite              |       |     2 ||     2
   Cast: Foxfire           |    69 |    10 ||    79
 Armour: Robe              |    32 |    12 ||    44
  Dodge: Dodged            |    46 |     8 ||    54

Table legend: (Time is in decaauts)
 A = Elapsed time spent in this place.
 B = Non-inter-level travel time spent in this place.
 C = Inter-level travel time spent in this place.
 D = Time resting spent in this place.
 E = Time spent auto-exploring this place.
 F = Levels seen in this place.
 G = Mean time per level.
                   A        B        C        D        E       F      G
               +--------+--------+--------+--------+--------+-----+--------+
         Total |   1692 |   1635 |     57 |      0 |   1364 |   2 |  846.0 |
       Dungeon |   1692 |   1635 |     57 |      0 |   1364 |   2 |  846.0 |
               +--------+--------+--------+--------+--------+-----+--------+

Top non-repeatable levels by time:
     D:1: 1069 daAuts
     D:2: 623 daAuts
